Unix NetHack Version 3.7.0-89 Work-in-progress - last build Sep 8 2023 01:29:47 (8494bff02b67719303c47e298deaa89034127798,branch:master). Game began 2023-09-11 16:40:56, ended 2023-09-18 19:11:51. unit327, lawful male dwarven Caveman ... ........ ..........- ..........- ----- ....V......| ...| -V..------- ---------..-- ----%--- |.......|..5-- --....... |.......|54.5---........ |...@@..-.A.@@$..AA.$.. |....@..|..4.---...... |.......|54.-- --.... ---------..-- ---- 54 ...| ----- Unit327 the Roamer St:18/43 Dx:19 Co:20 In:12 Wi:16 Ch:9 Lawful Astral Plane $:0 HP:206(206) Pw:56(56) AC:-30 Xp:18/1309573 T:49012 Latest messages: The priestess of Anshar zaps a wand of sleep! The sleep ray hits the renegade Angel of Anu. The sleep ray whizzes by you! The priestess of Moloch zaps a wand of fire! The bolt of fire hits the priestess of Anshar! The bolt of fire misses the renegade Angel of Anu. The bolt of fire whizzes by you! The Angel of Moloch picks up a green gem. There is a high altar to Anu (lawful) here. What do you want to wield? [- uBC or ?*] C - the blessed rustproof +7 Sceptre of Might (weapon in hand). What do you want to zap? [fhjmrvwADHKLOY or ?*] You may wish for an object. Oops! The long sword drops to the floor! There is an amber flash as a long sword hits the altar. The Angel of Ishtar swings her long sword at it. The Angel of Ishtar hits it. The Angel of Ishtar swings her long sword at it. The Angel of Ishtar hits it. The Angel of Ishtar hits it. There is a high altar to Anu (lawful) here. You see here a blessed long sword. You cannot reach the altar. o - a blessed amulet of life saving (being worn). You are floating high above the altar. What do you want to remove? [oMV or ?*] You were wearing an uncursed ring of levitation (on right hand). You float gently to the altar. There is a high altar to Anu (lawful) here. You see here a blessed long sword. The priestess of Anshar zaps a wand of sleep! The sleep ray misses Richard the invisible Rover. The sleep ray whizzes by you! There is a high altar to Anu (lawful) here. You see here a blessed long sword. You have a little trouble lifting a blessed long sword. Continue? [ynq] (q) You have a little trouble lifting P - a blessed long sword. Your movements are slowed slightly because of your load. What do you want to use or apply? [bdfhjkmrsu-wzADFHKLOXY or ?*] The Amulet of Yendor named REAL cannot be confined in such trappings. Richard the invisible Rover turns to flee. # What do you want to sacrifice? [l or ?*] l - the uncursed Amulet of Yendor named REAL. What do you want to sacrifice? [l or ?*] You offer the Amulet of Yendor to Anu... An invisible choir sings, and you are bathed in radiance... The voice of Anu thunders: "Mortal, thou hast done well!" "In return for thy service, I grant thee the gift of Immortality!" You ascend to the status of Demigod... Inventory: Amulets ('"') o - a blessed amulet of life saving (being worn) p - an uncursed amulet of life saving q - an uncursed amulet of life saving G - a cursed amulet of strangulation Weapons (')') B - the blessed rustproof +6 Excalibur (alternate weapon; not wielded) P - a blessed rustproof +0 long sword C - the blessed rustproof +7 Sceptre of Might (weapon in hand) Armor ('[') y - a blessed greased +2 helmet (being worn) E - an uncursed thoroughly burnt +1 pair of gauntlets of dexterity (being worn) Z - a blessed fireproof +4 pair of water walking boots (being worn) J - a blessed +5 shield of reflection (being worn) c - a blessed greased thoroughly burnt +4 cloak of displacement (being worn) I - a cursed +4 gray dragon scale mail (being worn) Comestibles ('%') S - 3 uncursed K-rations x - a blessed partly eaten chickatrice corpse N - an uncursed lizard corpse Potions ('!') t - 2 blessed potions of extra healing U - a blessed potion of full healing R - a potion of holy water Rings ('=') V - an uncursed ring of free action (on left hand) M - an uncursed ring of levitation Wands ('/') m - an uncursed wand of death (0:0) Y - an uncursed wand of digging (0:2) v - an uncursed wand of digging (0:0) r - an uncursed wand of fire (0:4) O - an uncursed wand of probing (0:6) j - an uncursed wand of sleep (0:4) D - an uncursed wand of slow monster named z1 (0:1) f - an uncursed wand of speed monster (0:6) K - an uncursed wand of speed monster (0:3) L - a cursed wand of speed monster (0:8) h - an uncursed wand of teleportation (0:5) A - a cursed wand of teleportation (0:8) w - a cursed wand of teleportation (0:2) H - an uncursed wand of wishing (1:0) Tools ('(') F - a blessed greased bag of holding containing 77 items X - an uncursed oilskin sack named emergency containing 3 items z - an uncursed bugle b - an uncursed blindfold d - an uncursed magic lamp (lit) k - an uncursed skeleton key s - a blessed stethoscope u - a blessed +0 unicorn horn Gems/Stones ('*') W - a blessed luckstone Contents of the bag of holding: an uncursed amulet of ESP an uncursed amulet of magical breathing an uncursed amulet of reflection an uncursed +0 bullwhip an uncursed +0 pair of gauntlets of dexterity 9 uncursed K-rations an uncursed sprig of wolfsbane 2 uncursed lizard corpses 10 blessed scrolls of blank paper 3 cursed scrolls of blank paper a blessed scroll of charging an uncursed scroll of create monster a blessed scroll of earth an uncursed scroll of earth an uncursed scroll of earth 4 uncursed scrolls of fire a blessed scroll of magic mapping a blessed scroll of remove curse an uncursed scroll of scare monster 3 uncursed scrolls of taming 2 blessed potions of extra healing a blessed diluted potion of extra healing 3 blessed potions of full healing a blessed potion of object detection an uncursed potion of paralysis a blessed potion of restore ability 3 uncursed potions of restore ability 12 potions of holy water an uncursed -4 ring of adornment an uncursed ring of cold resistance an uncursed ring of fire resistance an uncursed ring of free action an uncursed +3 ring of gain constitution an uncursed +2 ring of increase damage an uncursed ring of levitation an uncursed ring of polymorph named cursed an uncursed ring of polymorph control an uncursed ring of protection from shape changers an uncursed ring of searching an uncursed ring of shock resistance an uncursed ring of teleport control named nc an uncursed ring of teleportation an uncursed wand of cold (0:0) an uncursed wand of create monster (0:14) an uncursed wand of death (1:6) an uncursed wand of digging (0:6) an uncursed wand of digging (0:6) an uncursed wand of digging (0:6) an uncursed wand of digging named z1 (0:5) an uncursed wand of fire (0:6) an uncursed wand of fire (0:6) an uncursed wand of lightning (0:5) an uncursed wand of lightning (0:4) an uncursed wand of lightning (0:4) an uncursed wand of locking (0:4) an uncursed wand of polymorph (0:7) an uncursed wand of polymorph (0:7) an uncursed wand of polymorph (0:2) an uncursed wand of secret door detection (0:13) an uncursed wand of secret door detection (0:11) an uncursed wand of sleep (0:6) an uncursed wand of sleep (0:4) an uncursed wand of sleep (0:2) an uncursed wand of speed monster (0:6) an uncursed wand of speed monster named z2 (0:2) an uncursed wand of striking (0:1) an uncursed wand of striking (0:0) an uncursed wand of teleportation (0:8) an uncursed magic harp (0:5) an uncursed magic harp (0:3) an uncursed can of grease (0:12) an uncursed can of grease (0:4) an uncursed magic marker (0:57) an uncursed magic marker (1:6) an uncursed magic whistle an uncursed towel an uncursed luckstone Contents of the oilskin sack named emergency: a blessed scroll of remove curse a blessed scroll of scare monster a potion of holy water Unit327 the Caveman's attributes: Background: You were a Roamer, a level 18 dwarven Caveman. You were lawful, on a mission for Anu who was opposed by Ishtar (neutral) and Anshar (chaotic). You were in the endgame, on the Astral Plane. You entered the dungeon 49012 turns ago. You had 1309573 experience points, 1250427 more were needed for level 19. Basics: You had all 206 hit points. You had all 56 energy points (spell power). Your armor class was -30. Your wallet was empty. Autopickup was on for '$?!/="+' plus thrown, with exceptions. Final Characteristics: Your strength was 18/43 (limit:18/100). Your dexterity was 19 (base:18, limit:20). Your constitution was 20 (limit:20). Your intelligence was 12 (limit:16). Your wisdom was 16 (limit:16). Your charisma was 9 (limit:16). Final Status: You were not hungry. You were unencumbered. You were wielding a mace. You had expert skill with mace. Final Attributes: You were piously aligned. You were magic-protected. You were fire resistant. You were cold resistant. You were sleep resistant. You were disintegration resistant. You were shock resistant. You were poison resistant. You saw invisible. You were telepathic. You were warned. You had infravision. You were invisible to others. You were displaced. You were stealthy. You caused conflict. You could walk on water. You had a moderate defense bonus (+7). You were warded. You were very fast. You had reflection. You had free action. Your life would have been saved. You were extremely lucky. You had extra luck. Good luck did not time out for you. You survived. Miscellaneous: You never encountered a bones level. Total elapsed playing time was 22 hours, 58 minutes and 45 seconds. Major events: Turn 1: unit327 the lawful dwarven Caveman entered the dungeon 821: entered the Gnomish Mines 891: attained the rank of Aborigine (level 3) 2577: attained the rank of Wanderer (level 6) 4529: reached Mine Town 6078: entered Sokoban 6346: completed 1st Sokoban level 6784: completed 2nd Sokoban level 7833: completed 3rd Sokoban level 8776: completed 4th Sokoban level 10132: attained the rank of Vagrant (level 10) 10221: acquired the Sokoban amulet of reflection 15737: entered the Bigroom 17850: was bestowed with Snickersnee by Anu 19057: made his first wish - "blessed greased fixed +3 gray dragon scale mail", got "a greased gray dragon scale mail" 24852: had Excalibur thrown at them by some watery tart 25119: killed Medusa 27732: wished for "2 blessed charging", got "a scroll labeled VENZAR BORGAVVE" 28283: entered Gehennom 28437: attained the rank of Wayfarer (level 14) 31339: found the Sceptre of Might on the floor 31349: killed the Chromatic Dragon 31350: acquired the Bell of Opening 32683: wished for "magic marker", got "a magic marker" 33629: killed Asmodeus 33978: performed his first genocide (class L) 34211: killed Juiblex 34436: bribed Baalzebub with 254 zorkmids for safe passage 35006: genocided master mind flayers 40010: killed Orcus 43176: destroyed Vlad the Impaler 43178: acquired the Candelabrum of Invocation 43465: genocided mind flayers 43467: genocided shocking spheres 45151: killed the Wizard of Yendor 45174: acquired the Book of the Dead 45379: performed the invocation 46008: killed the high priest of Moloch 46012: acquired The Amulet of Yendor 47212: killed the Wizard of Yendor (2nd time) 47312: attained the rank of Roamer (level 18) 47381: killed the Wizard of Yendor (3rd time) 48121: wished for "uncursed magic marker", got "a magic marker" 48150: entered the Elemental Planes 48150: entered Plane of Earth 48151: killed the Wizard of Yendor (5th time) 48214: entered Plane of Air 48260: entered Plane of Fire 48275: entered Plane of Water 48981: wished for "blessed partly eaten chickatrice corpse", got "a partly eaten chickatrice corpse" 48982: entered the Astral Plane 48994: killed Pestilence 49008: found Demonbane carried by a monster 49010: made his first artifact wish - "blessed rustproof +7 sunsword", got "a long sword" 49012: ascended Vanquished creatures: Asmodeus Orcus Juiblex the Wizard of Yendor (5 times) Pestilence Vlad the Impaler a high cleric a mastodon Medusa 5 krakens 4 iron golems 3 storm giants a glass golem 2 balrogs the Chromatic Dragon 8 purple worms a gold dragon 4 silver dragons 3 red dragons a white dragon 4 black dragons 5 blue dragons a green dragon 25 minotaurs 3 jabberwocks 3 baluchitheria 3 demiliches a stone golem a master mind flayer a Nazgul 4 pit fiends 3 sandestins 4 hell hounds 3 displacer beasts 4 titanotheres 3 trappers 2 genetic engineers 2 disenchanters 24 vampire leaders 4 skeletons 13 aligned clerics 5 captains 6 shades 4 liches a clay golem 5 nurses 5 ice devils 2 nalfeshnees a lurker above an Aleax 3 frost giants 7 ettins 2 black puddings 28 vampires 10 lieutenants 32 ghosts a rogue 3 queen bees 3 winged gargoyles 4 mind flayers 5 giant mimics 7 long worms 9 zruties 7 ogre tyrants 6 ice trolls 3 rock trolls 6 umber hulks 4 flesh golems 9 elven monarchs 2 doppelgangers 15 hezrous 10 bone devils 4 large mimics 3 wumpuses a fire vortex 2 couatls 9 stalkers 3 air elementals 7 fire elementals 2 earth elementals 27 water elementals 33 hill giants 3 giant mummies 2 black nagas 6 xorns 26 giant zombies 10 elf-nobles 8 sergeants 10 barbed devils 10 vrocks 2 salamanders 12 wargs a winter wolf 5 hell hound pups 11 small mimics 3 glass piercers 7 warhorses 8 steam vortices 6 xans 4 ettin mummies 16 ogre leaders 7 quantum mechanics 20 trolls a sasquatch 2 wood golems 4 erinyes 2 mariliths 3 sharks an electric eel 6 gelatinous cubes 4 pyrolisks 2 large dogs 4 freezing spheres 7 flaming spheres 8 shocking spheres 5 large cats 6 tigers 6 gargoyles 8 ochre jellies 8 leocrottas 4 energy vortices 2 mountain centaurs 4 stone giants an elf mummy 8 human mummies 5 red nagas 2 green slimes 8 pythons 5 pit vipers 8 cobras 48 wraiths 2 carnivorous apes 13 ettin zombies 5 leather golems 22 Grey-elves 44 soldiers 3 watchmen 6 amorous demons 15 horned devils 9 chameleons 4 crocodiles 9 giant beetles a quivering blob 26 cockatrices 17 wolves 10 winter wolf cubs 6 lynxes 7 panthers 3 gremlins 2 spotted jellies 41 leprechauns 3 orc-captains 3 iron piercers 3 mumakil 7 giant spiders 9 scorpions 7 horses 3 ice vortices 8 black lights 8 vampire bats 6 forest centaurs 3 orc mummies 5 dwarf mummies 3 ogres 6 rust monsters 12 owlbears 7 yetis 2 gold golems 3 werewolves 18 Green-elves 2 piranha 10 giant eels 18 lizards 3 chickatrices 4 dogs 3 housecats 7 jaguars 4 dwarf leaders a blue jelly 3 gray unicorns 2 black unicorns 2 dust vortices 25 ravens 2 plains centaurs 5 gnome mummies 3 snakes 5 apes 29 human zombies 2 rope golems 8 Woodland-elves 62 soldier ants 14 fire ants 49 bugbears 3 imps 11 lemures 8 quasits 2 wood nymphs 8 water nymphs 2 mountain nymphs 5 Mordor orcs 7 Uruk-hai an orc shaman 5 rock piercers 2 rock moles a pony a fog cloud 13 yellow lights 7 shriekers 4 violet fungi 2 gnome leaders 2 gnomish wizards a kobold mummy a red naga hatchling 5 gray oozes a barrow wight 22 elf zombies 11 ghouls 2 straw golems 2 paper golems a jellyfish 18 giant ants 4 little dogs 9 floating eyes 3 dwarves 3 homunculi a kobold leader 3 kobold shamans 42 hill orcs 8 rothes 2 centipedes 2 giant bats 3 monkeys 26 orc zombies 21 dwarf zombies a wererat a werejackal 8 iguanas 66 killer bees 4 acid blobs 4 coyotes 7 hobbits 12 manes 2 large kobolds 3 hobgoblins a giant rat 4 cave spiders 2 yellow molds 3 green molds 2 red molds 26 gnomes 15 garter snakes 21 gnome zombies 8 geckos 21 jackals a fox 2 kobolds 3 goblins 5 grid bugs 8 bats 8 lichens 17 kobold zombies 16 newts 1975 creatures vanquished. Genocided or extinct species: arch-liches master liches demiliches master mind flayers liches mind flayers erinyes (extinct) shocking spheres 7 species genocided. 1 species extinct. Voluntary challenges: You read items or engraved 92 times. You engraved Elbereth 2 times. You genocided 7 types of monsters. You never changed form. You used 6 wishes (1 for an artifact). You did not violate any of the special Sokoban rules. Achievements: You entered the Gnomish Mines. You attained the rank of Aborigine. You entered a shop. You attained the rank of Wanderer. You entered Minetown. You entered a temple. You entered Sokoban. You attained the rank of Vagrant. You completed Sokoban. You entered the Big Room. You defeated Medusa. You learned the tune to open and close the Castle's drawbridge. You entered Gehennom. You attained the rank of Wayfarer. You handled the Bell of Opening. You handled the Candelabrum of Invocation. You handled the Book of the Dead. You gained access to Moloch's Sanctum. You attained the rank of Roamer. You reached the Elemental Planes. You reached the Astral Plane. You delivered the Amulet of Yendor. You ascended! The Elemental Planes: Astral Plane: <- You are here. A temple to Anu. Plane of Water: Plane of Fire: Plane of Air: Plane of Earth: The Dungeons of Doom: levels 1 to 25 Level 1: A fountain. One way stairs up to The Elemental Planes. Level 2: A fountain. Stairs down to The Gnomish Mines. Level 3: "eye" A general store, a fountain. Level 4: A fountain. Level 5: An armor shop, some sinks. Level 6: "c live" A fountain. Level 7: "candlestash" A fountain, a sink. Level 8: Many fountains. Oracle of Delphi. Level 9: A fountain. Stairs up to Sokoban, level 8. Level 10: Level 11: "c live" A fountain, a sink. Level 12: "large room" A very big room. Level 13: "stash" Some altars, a fountain. Level 14: A grave. Portal to The Quest. Level 15: A temple, a grave. Level 16: Level 17: "cancel wand" Level 18: A primitive area. Level 19: A grave. Level 20: A general store, some graves. Level 21: "medusa" Many trees. Level 22: Level 23: Level 24: Level 25: "castle stash" The castle (play notes "BEDEB" to open or close drawbridge). Connection to Gehennom. Gehennom: levels 26 to 48 Level 26: A temple, many graves. Valley of the Dead. Level 27: "RRTTTT" Level 28: Level 29: "asmo spare boh" Level 30: "jubbly" A fountain. Level 31: "beezy" Level 32: Level 33: Level 34: Level 35: Stairs up to Vlad's Tower, level 34. Level 36: Level 37: Level 38: Level 39: Level 40: "orcustown cancel wand" Some shops, an altar, some graves. Level 41: "wiztowertop" Level 42: Level 43: Level 44: Level 45: Level 46: Level 47: Level 48: A temple, many graves. Moloch's Sanctum. The Gnomish Mines: levels 3 to 10 Level 3: Level 4: Level 5: "minetown spare bag" Many shops, a temple, some fountains. Level 6: Level 7: Level 8: Level 9: Level 10: The Quest: levels 1 to 5 Level 1: A temple to Anu. Completed quest for Shaman Karnov. Level 2: Level 3: Level 4: Level 5: Sokoban: levels 8 up to 5 Level 5: Solved. Level 6: Solved. Level 7: "invisible cujo" Solved. Level 8: Solved. Vlad's Tower: levels 34 up to 32 Level 32: A throne. Level 33: "GET STASH BACK" Level 34: Goodbye unit327 the Demigod... You went to your reward with 2340800 points, Excalibur (worth 4000 zorkmids and 10000 points) The Sceptre of Might (worth 2500 zorkmids and 6250 points) 3 amulets of life saving (worth 450 zorkmids), 1 amulet of ESP (worth 150 zorkmids), 1 amulet of strangulation (worth 150 zorkmids), 1 amulet of reflection (worth 150 zorkmids), 1 amulet of magical breathing (worth 150 zorkmids), and 0 pieces of gold, after 49012 moves. You were level 18 with a maximum of 206 hit points when you ascended.